 Dungeon Crawl Stone Soup version 0.20-a0-1109-ge3cd172 (webtiles) character file.

1795 Monsterracer the Geomancer (level 9, -1/51 HPs)
             Began as a Gargoyle Earth Elementalist on May 5, 2017.
             Was an Initiate of Vehumet.
             Killed from afar by an orc wizard (6 damage)
             ... with a puff of frost
             ... on level 6 of the Dungeon.
             The game lasted 00:16:59 (6571 turns).

Monsterracer the Geomancer (GrEE)                   Turns: 6571, Time: 00:17:00

Health: -1/51      AC:  9    Str: 12    XL:     9   Next: 9%
Magic:  6/25       EV: 12    Int: 19    God:    Vehumet [......]
Gold:   261        SH:  0    Dex:  8    Spells: 2/17 levels left

rFire    . . .     SeeInvis .   t - +1 mace (venom)
rCold    . . .     Gourm    .   (no shield)
rNeg     + . .     Faith    .   c - +0 robe
rPois    ∞         Spirit   .   u - +0 hat
rElec    +         Reflect  .   (no cloak)
rCorr    .         Harm     .   (no gloves)
MR       .....                  (no boots)
Stlth    ++........             l - amulet of magic regeneration
Regen    0.2/turn               n - ring of magical power
MPRegen  0.3/turn               (no ring)

@: no status effects
A: thin metallic scales 1, clumsy 1, negative energy resistance 1, electricity
resistance, unbreathing, petrification resistance, rot immunity, AC +5
a: Renounce Religion


You were on level 6 of the Dungeon.
You worshipped Vehumet.
Vehumet was noncommittal.
You were very hungry.

You visited 2 branches of the dungeon, and saw 7 of its levels.

You collected 261 gold pieces.

Inventory:

Hand Weapons
 t - a +1 mace of venom (weapon)
Missiles
 b - 106 stones (quivered)
Armour
 c - a +0 robe (worn)
 u - a +0 hat (worn)
Jewellery
 l - an amulet of magic regeneration (around neck)
 m - an uncursed ring of ice
 n - a ring of magical power (left hand)
Wands
 r - a wand of flame (32/48)
 w - a wand of acid (9/15)
 x - a wand of flame (26/48)
Scrolls
 f - 3 scrolls of identify
 h - 2 scrolls of amnesia
 k - 2 scrolls of remove curse
 p - 5 scrolls of teleportation {unknown}
Potions
 a - a potion of brilliance
 g - 2 potions of haste
 i - 2 potions of curing
 j - a potion of invisibility
 q - 2 potions of heal wounds
Books
 e - a book of Geomancy

   Spells                             Type                      Level
   a - Sandblast                      Earth                        1
   b - Passwall                       Transmutation/Earth          2
   c - Stone Arrow                    Conjuration/Earth            3
   d - Petrify                        Transmutation/Earth          4
   e - Lee's Rapid Deconstruction     Earth                        5
Comestibles
 d - 3 bread rations
 o - 6 royal jellies
 v - a meat ration


   Skills:
 + Level 3.2 Fighting
 + Level 2.8 Maces & Flails
 - Level 2.1 Dodging
 - Level 2.1 Stealth
 + Level 4.9 Spellcasting
 + Level 5.3 Conjurations
 - Level 0.7 Transmutations
 * Level 9.5 Earth Magic


You had 2 spell levels left.
You knew the following spells:

 Your Spells              Type           Power        Failure   Level  Hunger
a - Sandblast             Erth           #####.       1%          1    None
b - Passwall              Tmut/Erth      ###.......   2%          2    #......
c - Stone Arrow           Conj/Erth      ####..       1%          3    ##.....
d - Lee's Rapid Deconstr  Erth           #####.....   7%          5    ######.
m - Petrify               Tmut/Erth      ###.....     14%         4    ####...


Dungeon Overview and Level Annotations

Branches:
Dungeon (6/15)             Temple (1/1) D:6

Altars:
Ashenzari
Cheibriados
Dithmenos
Elyvilon
Fedhas
Gozag
Hepliaklqana
Makhleb
Nemelex Xobeh
Okawaru
Qazlal
Ru
Sif Muna
Trog
Uskayaw
Vehumet
Wu Jian
Xom
Yredelemnul
Zin
The Shining One


Innate Abilities, Weirdness & Mutations

You are resistant to torment.
Your stone body is resilient. (AC +5)
You are immune to poison.
You resist negative energy. (rN+)
You are resistant to electric shocks. (rElec)
You can survive without breathing.
You are immune to petrification.
You are immune to rotting.
You are partially covered in thin metallic scales. (AC +2)
You are clumsy. (Dex -2)


Message History

This wand has 9 charges left.
An orc comes into view. It is wielding a war axe.
Unknown command.
You hear some strange, mumbled words.
A puff of frost appears from out of thin air!
The puff of frost hits you!
* * * LOW HITPOINT WARNING * * *
You hear some strange, mumbled words.
A magic dart appears from out of thin air!
The magic dart hits you!
* * * LOW HITPOINT WARNING * * *
You hear some strange, mumbled words.
A puff of frost appears from out of thin air!
The puff of frost hits you!
* * * LOW HITPOINT WARNING * * *
Your magical contamination has completely faded away.
You hear some strange, mumbled words.
A puff of frost appears from out of thin air!
The puff of frost hits you!
You die...

#....#.#.#
#######.
#.##.#.#.#
#.....##
#.##.#.#.#
#.....##
#.##.#.#.#
#.......
#.##.#.#.#
#.....##
#.##.#.#.#
#.....#
#.(..{...#
###.#.##
####.#.###
#.#..#
#...#@#
######
#.###.# ##_#
#.# #<# 8...
#.# #.#
#%... #.#
#.. 8..(.
#.# ###
##.... #..
########.###
#8... ...
.......#..#
#..
##..###...##


There were no monsters in sight!

Vanquished Creatures
  Pikel (D:3)
  Grinder (D:5)
  Menkaure (D:5)
  Duvessa (D:6)
  An orc warrior (D:6)
  A sky beast (Temple)
  A centaur (Temple)
  Dowan (D:6)
  A hound (D:3)
  2 orc priests (D:6)
  A centaur skeleton (D:5)
  2 bullfrog skeletons
  2 iguanas (D:4)
  Jessica (D:3)
  2 orc wizards (D:6)
  8 worker ants
  4 adders
  2 worms
  2 dart slugs
  4 leopard geckos
  18 orcs
  4 giant cockroaches
  7 goblins
  6 hobgoblins
  6 jackals
  2 quokkas (D:3)
  9 bats
  2 frilled lizards
  5 kobolds
  A leopard gecko skeleton (D:5)
  4 rats
103 creatures vanquished.

Vanquished Creatures (others)
  A hound (D:4)
  An iguana (D:4)
2 creatures vanquished.

Grand Total: 105 creatures vanquished

Notes
Turn   | Place    | Note
-------+----------+-------------------------------------------
     0 | D:1      | Monsterracer the Gargoyle Earth Elementalist began the quest for the Orb.
     0 | D:1      | Reached XP level 1. HP: 10/10 MP: 3/3
   120 | D:1      | Reached skill level 4 in Earth Magic
   137 | D:1      | Reached XP level 2. HP: 11/15 MP: 1/5
   216 | D:1      | Learned a level 2 spell: Passwall
   701 | D:1      | Gained mutation: You are clumsy. (Dex -2) [potion of mutation]
   701 | D:1      | Gained mutation: You are partially covered in thin metallic scales. (AC +2) [potion of mutation]
  1111 | D:2      | Found a blossoming altar of Fedhas.
  1141 | D:2      | Found a shattered altar of Ashenzari.
  1187 | D:2      | Reached XP level 3. HP: 19/19 MP: 2/6
  1230 | D:2      | Learned a level 3 spell: Stone Arrow
  1703 | D:2      | Reached skill level 1 in Conjurations
  1835 | D:3      | Reached skill level 5 in Earth Magic
  1898 | D:3      | Reached XP level 4. HP: 23/24 MP: 5/7
  2397 | D:3      | Reached XP level 5. HP: 18/28 MP: 2/9
  2787 | D:3      | Noticed Jessica
  2793 | D:3      | Killed Jessica
  3134 | D:4      | Learned a level 4 spell: Petrify
  3283 | D:4      | Noticed a slave
  3283 | D:4      | Noticed a slave
  3284 | D:4      | Noticed Pikel
  3286 | D:4      | Noticed a slave
  3288 | D:4      | Noticed a slave
  3341 | D:3      | Killed Pikel
  3341 | D:3      | Reached skill level 7 in Earth Magic
  3341 | D:3      | Reached XP level 6. HP: 14/32 MP: 3/11
  3341 | D:3      | Reached XP level 7. HP: 16/36 MP: 3/12
  3349 | D:3      | Learned a level 5 spell: Lee's Rapid Deconstruction
  4148 | D:4      | Found an iron altar of Okawaru.
  4272 | D:4      | Found a snail-covered altar of Cheibriados.
  4272 | D:4      | Found a hazy altar of Hepliaklqana.
  4355 | D:4      | Reached skill level 8 in Earth Magic
  4635 | D:5      | Entered Level 5 of the Dungeon
  4699 | D:5      | Noticed Grinder
  4705 | D:5      | Killed Grinder
  4705 | D:5      | Reached skill level 1 in Fighting
  4705 | D:5      | Reached skill level 1 in Maces & Flails
  4705 | D:5      | Reached XP level 8. HP: 43/43 MP: 12/14
  4709 | D:5      | Learned a level 2 spell: Passwall
  5064 | D:5      | Found a hide-covered altar of Uskayaw.
  5341 | D:5      | Noticed Menkaure
  5344 | D:5      | Killed Menkaure
  5698 | D:6      | Reached skill level 9 in Earth Magic
  5736 | D:6      | Found an opulent altar of Gozag.
  5826 | D:6      | Found a staircase to the Ecumenical Temple.
  5834 | Temple   | Entered the Ecumenical Temple
  5911 | Temple   | Became a worshipper of Vehumet
  5942 | D:6      | Noticed Duvessa
  5973 | Temple   | Reached skill level 5 in Conjurations
  6305 | D:6      | Noticed Dowan
  6510 | D:6      | Killed Dowan
  6513 | D:6      | Killed Duvessa
  6513 | D:6      | Reached XP level 9. HP: 33/50 MP: 6/16
  6571 | D:6      | Killed from afar by an orc wizard

Vault maps used:
D:1:      minmay_arrival_radiant_lines
D:2:      lemuel_doored_altar, first_bread, ashenzari_altar_1
D:3:      uniq_jessica
D:4:      nicolae_overflow_crystal_walls, gammafunk_temple_overflow_wave,
          uniq_pikel
D:5:      marbit_many_paths, uniq_menkaure, uniq_grinder
D:6:      nicolae_overflow_hidden_temple, minmay_temple_entry_junction,
          serial_shops, shop, uniq_duvessa
Temple:   jpeg_temple_clearing

Skill      XL: |  1  2  3  4  5  6  7  8 |
---------------+-------------------------+-----
Earth Magic    | 4 5 7 8 9 |  9.5
Conjurations   | 1 2 3 4 5 |  5.3
Spellcasting   | 3 4 |  4.9
Fighting       | 1 3 |  3.2
Maces & Flails | 1 2 |  2.8
Dodging        | 2 |  2.1
Stealth        | |  2.1
Transmutations | |  0.7

Action                   |  1- 3 |  4- 6 |  7- 9 || total
-------------------------+-------+-------+-------++-------
Melee: Unarmed           |    43 |       |       ||    43
       Whip              |    69 |    55 |       ||   124
       Club              |     4 |       |       ||     4
       Mace              |       |    59 |    66 ||   125
 Cast: Sandblast         |    33 |    19 |     2 ||    54
       Stone Arrow       |     1 |     3 |    39 ||    43
       Lee's Rapid Decon |       |       |     7 ||     7
Evoke: Wand              |       |       |     1 ||     1
  Use: Potion            |     7 |     2 |     2 ||    11
       Scroll            |       |     6 |     2 ||     8
 Stab: Sleeping          |     4 |     3 |     1 ||     8
  Eat: Chunk             |     4 |     5 |     5 ||    14
       Bread ration      |       |       |     1 ||     1
       Meat ration       |       |       |     1 ||     1
Armor: Robe              |    62 |    46 |    41 ||   149
Dodge: Dodged            |   102 |   125 |    59 ||   286
